 Dungeon Crawl Stone Soup version 0.17-a0-2220-g6fea741 (webtiles) character file.

65020 septik the Unseen (level 14, -6/77 HPs)
             Began as a Spriggan Enchanter on Oct 27, 2015.
             Was the Champion of Nemelex Xobeh.
             Mangled by a jumping spider (18 damage)
             ... on level 1 of the Spider Nest on Oct 28, 2015.
             The game lasted 03:04:56 (31715 turns).

septik the Unseen (Spriggan Enchanter)             Turns: 31715, Time: 03:04:56

Health: -6/77      AC:  6    Str:  5    XL:     14   Next: 73%
Magic:  12/24      EV: 28    Int: 17    God:    Nemelex Xobeh [******]
Gold:   1502       SH:  9    Dex: 17    Spells: 3 memorised, 19 levels left

rFire  . . .     SeeInvis +     G - +2 dagger (elec)
rCold  . . .     Clarity  .     z - +1 robe of the Land of Plenty {rN++ Int-3 Slay+3 Stlth+} (curse)
rNeg   + + .     SustAt   .     O - +0 buckler
rPois  +         Gourm    .     (helmet restricted)
rElec  .         Spirit   .     d - +2 cloak of the Thief {+Fog Slay-2 SInv Stlth+}
rCorr  .         Warding  .     (gloves unavailable)
rMut   .         Stasis   .     (boots unavailable)
MR     +++..                    D - amulet of regeneration
Stlth  +++++++++.               H - ring of poison resistance
                                f - ring of protection from magic

@: lethally poisoned (-6 -> -6), very quick, extremely resistant to hostile
enchantments, incredibly stealthy
A: unfitting armour, see invisible, herbivore 3, speed 3, slow metabolism 2
a: Triple Draw, Deal Four, Stack Five, Renounce Religion, Evoke Fog


You were on level 1 of the Spider Nest.
You worshipped Nemelex Xobeh.
Nemelex Xobeh was exalted by your worship.
You were full.

You visited 5 branches of the dungeon, and saw 25 of its levels.

You collected 3264 gold pieces.
You spent 1762 gold pieces at shops.

Inventory:

Hand Weapons
 b - a +0 rapier of protection
 G - a +2 dagger of electrocution (weapon)
Armour
 d - the +2 cloak of the Thief (worn) {+Fog Slay-2 SInv Stlth+}
   (You bought it in a shop on level 4 of the Orcish Mines)

   It affects your accuracy and damage with ranged weapons and melee attacks
   (-2).
   It lets you see invisible.
   It can be evoked to emit clouds of fog.
   It makes you more stealthy.
 z - the cursed +1 robe of the Land of Plenty (worn) {rN++ Int-3 Slay+3 Stlth+}
   (You bought it in a shop on level 4 of the Orcish Mines)

   It affects your intelligence (-3).
   It affects your accuracy and damage with ranged weapons and melee attacks
   (+3).
   It greatly protects you from negative energy.
   It makes you more stealthy.
   It has a curse placed upon it.
 N - a +2 cloak of invisibility
 O - a +0 buckler (worn)
 S - a +1 robe of magic resistance
 Y - the +1 robe of Makhleb's Delight {rElec rC+ Regen+ Slay-5}
   (You found it on level 1 of the Lair of Beasts)

   It affects your accuracy and damage with ranged weapons and melee attacks
   (-5).
   It protects you from cold.
   It insulates you from electricity.
   It increases your rate of regeneration.
Jewellery
 f - a ring of protection from magic (left hand)
 D - an amulet of regeneration (around neck)
 F - an uncursed ring of protection from fire
 H - a ring of poison resistance (right hand)
 L - an uncursed amulet of resist mutation
 P - an uncursed ring of stealth
Wands
 I - a wand of hasting (2)
Scrolls
 h - a scroll of magic mapping
 j - 4 scrolls of remove curse
 k - 3 scrolls of recharging
 l - 11 scrolls of teleportation
 p - 2 scrolls of immolation
 q - 2 scrolls of enchant armour
 x - 4 scrolls of identify
 y - 4 scrolls of fear
 C - 2 scrolls of fog
 E - 2 scrolls of enchant weapon
Potions
 g - 3 potions of resistance
 m - 5 potions of heal wounds
 n - 3 potions of agility
 r - 2 potions of might
 s - 2 potions of cure mutation
 t - 5 potions of flight
 u - 11 potions of curing
 v - a potion of magic
 w - 6 potions of brilliance
 K - 3 potions of invisibility
 M - a potion of haste
 R - 2 potions of cancellation
Books
 c - a book of Maledictions

   Spells                             Type                      Level
   a - Corona                         Hexes                        1
   b - Ensorcelled Hibernation        Hexes/Ice                    2
   c - Confuse                        Hexes                        3
   d - Tukima's Dance                 Hexes                        3
   e - Dazzling Spray                 Conjuration/Hexes            3
Miscellaneous
 a - a legendary deck of escape
 e - a legendary deck of war {drawn: 3}
 i - an ornate deck of destruction {drawn: 3}
 o - a legendary deck of destruction {drawn: 1}
 B - a legendary deck of war {drawn: 1}
 J - an ornate deck of war {drawn: 2}
 Q - an ornate deck of war
 T - an ornate deck of escape
 V - an ornate deck of war
 X - a plain deck of escape
 Z - a legendary deck of war
Comestibles
 A - 7 bread rations
 U - 19 fruits
 W - 3 slices of pizza


   Skills:
 - Level 10.0 Fighting
 - Level 11.0 Short Blades
 - Level 12.2 Dodging
 + Level 16.6 Stealth
 - Level 9.1 Shields
 - Level 6.0 Spellcasting
 - Level 6.0 Hexes
 - Level 1.4 Ice Magic
 * Level 12.7 Evocations


You had 19 spell levels left.
You knew the following spells:

 Your Spells              Type           Power        Failure   Level  Hunger
a - Corona                Hex            ####...      1%          1    None
b - Ensorcelled Hibernat  Hex/Ice        ###...       4%          2    None
c - Confuse               Hex            ####....     3%          3    ##.....


Dungeon Overview and Level Annotations

Branches:
Dungeon (11/15)            Temple (0/1) D:4            Lair (8/8) D:11
 Shoals (1/4) Lair:4       Spider (1/4) Lair:6        Slime (0/6) Lair:6
    Orc (4/4) D:11            Elf (0/3) Orc:4

Altars:
Ashenzari
Elyvilon
Fedhas
Gozag
Kikubaaqudgha
Makhleb
Nemelex Xobeh
Ru
Trog
Xom
Zin
The Shining One
Beogh

Shops:
D:8 *   Orc:3 }   Orc:4 ([[*


Innate Abilities, Weirdness & Mutations

You are tiny and cannot use many weapons and most armour.
You have supernaturally acute eyesight.
You are a herbivore.
You cover ground extremely quickly.
You need consume almost no food.


Message History

The jumping spider pounces on you. The jumping spider misses you.
The web tears apart.
You feel sick.
The jumping spider completely misses you.
You block the jumping spider's attack. The jumping spider misses you.
The jumping spider misses you.
The jumping spider completely misses you.
The jumping spider closely misses you.
You found a web!
You feel sick.
You are caught in the web!
The jumping spider leaps!
There is a web here.
You struggle to detach yourself from the web.
You hear the faint crackling of a melting archway nearby.
The jumping spider pounces on you!
* * * LOW HITPOINT WARNING * * *
The jumping spider misses you.
You disentangle yourself.
The jumping spider leaps!
The jumping spider pounces on you!!
You die...
Your body glows with a rainbow of weird colours and disappears.

.# #...s. ####.##.s>.s.
##^......#.....#.
##....#..#...[... ..
#.#.#<..#..##... ..#
.##.#.#.......^.#....
.^...........#..#..#.
#.##.#..#.#..#...#...
...#.....#@.....#
..#.#.#.#...s§..#.# #
...#...###[..#.#.. .s
.........?§.#....!#
#.####.#.##..#....#..#
.§..p^....#..#....#..# ##
#.#.^#..........#..#..
#.........>....#..#......
#...##........#.#>...#...


You could see a jumping spider.

Vanquished Creatures
  Kirke (Spider:1)
  An emperor scorpion (Orc:4)
  Erolcha (Orc:2)
  6 hydras
  3 death yaks (Lair:7)
  3 hill giants
  Pikel (D:8)
  2 orc sorcerers
  An orb spider (Spider:1)
  A wolf spider (Spider:1)
  8 elephants
  A hornet (Spider:1)
  A griffon (Lair:7)
  The ghost of 4thArraOfDagon the Destroyer, a novice TeFE of Ashenzari (D:10)
  Maurice (D:9)
  13 spiny frogs
  2 gargoyles (D:11)
  4 black mambas
  7 komodo dragons
  3 fire drakes
  3 jumping spiders
  A tengu conjurer (D:10)
  2 spriggan druids (Lair:8)
  3 polar bears (Lair:8)
  2 boulder beetles (Lair:8)
  5 spriggans (Lair:8)
  A trapdoor spider (Spider:1)
  A wraith (D:11)
  The ghost of concernedbohemian the Skirmisher, an amateur TrAK of Lugonu (D:4)
  7 redbacks
  44 yaks
  15 blink frogs
  7 basilisks
  A hog (Spider:1)
  A deep elf mage (D:9)
  3 wyverns
  12 hippogriffs
  20 wolves
  Menkaure (D:7)
  4 wargs (D:11)
  14 porcupines
  20 water moccasins
  28 orc warriors
  2 ice beasts
  4 spiders
  8 ogres
  4 phantoms
  15 centaurs
  2 eyes of draining (D:11)
  2 wasps
  8 black bears
  A necrophage (D:5)
  2 sky beasts
  12 big kobolds
  20 crocodiles
  18 giant frogs
  3 gnoll sergeants (D:9)
  A scorpion (D:10)
  A wyvern skeleton (D:6)
  2 electric eels
  A quasit (D:11)
  A giant frog zombie (D:11)
  4 crimson imps
  2 jellies
  10 hounds
  A centaur zombie (D:10)
  3 gnoll shamans
  27 orc priests
  Ijyb (D:2)
  A centaur skeleton (D:7)
  6 iguanas
  Natasha (twice) (D:3)
  19 orc wizards
  6 worker ants
  A hound skeleton (D:5)
  Robin (D:2)
  49 river rats
  A worker ant zombie (D:9)
  21 gnolls
  3 shadow imps
  14 adders
  7 oozes
  An adder zombie (D:8)
  An adder skeleton (D:5)
  2 worms (D:3)
  The ghost of emiel the Changer, a weakling DrWn (D:3)
  5 giant geckos
  190 orcs
  3 ball pythons
  2 giant cockroaches
  10 goblins
  13 hobgoblins
  16 kobolds
  6 quokkas
  8 bats
  6 giant newts
  14 jackals
  A jackal zombie (D:3)
  5 rats
  4 fungi
  A plant (D:7)
832 creatures vanquished.

Vanquished Creatures (collateral kills)
  4 spriggans (Lair:8)
  A komodo dragon (Lair:3)
  2 polar bears (Lair:8)
  2 redbacks (Lair:8)
  2 yaks (Lair:4)
  15 wolves
  A water moccasin (Lair:8)
  2 black bears (Lair:8)
  3 wasps (Lair:8)
  A porcupine (Lair:8)
  8 river rats
  2 fungi
43 creatures vanquished.

Vanquished Creatures (others)
  2 humans (Spider:1)
  3 wolves (Lair:4)
  2 slaves
  An adder (D:9)
  2 orcs (D:9)
  2 bushes (D:11)
  19 fungi
  11 plants
42 creatures vanquished.

Grand Total: 917 creatures vanquished

Notes
Turn   | Place    | Note
--------------------------------------------------------------
     0 | D:1      | septik the Spriggan Enchanter began the quest for the Orb.
     0 | D:1      | Reached XP level 1. HP: 9/9 MP: 5/5
   429 | D:1      | Reached XP level 2. HP: 13/13 MP: 6/6
   894 | D:2      | Learned a level 2 spell: Ensorcelled Hibernation
   935 | D:2      | Noticed Robin
   942 | D:2      | Reached XP level 3. HP: 14/16 MP: 8/8
  1005 | D:2      | Noticed Ijyb
  1012 | D:2      | Killed Ijyb
  1352 | D:2      | Reached XP level 4. HP: 15/21 MP: 1/9
  1463 | D:2      | Killed Robin
  1463 | D:2      | Reached skill level 5 in Hexes
  1713 | D:3      | Found a burning altar of Makhleb.
  1713 | D:3      | Noticed a cacodemon
  1717 | D:3      | Found a glowing silver altar of Zin.
  1718 | D:3      | Noticed an angel
  1871 | D:3      | Reached skill level 1 in Ice Magic
  2010 | D:3      | Reached XP level 5. HP: 12/24 MP: 4/10
  2465 | D:3      | Found a sparkling altar of Nemelex Xobeh.
  2466 | D:3      | Found an opulent altar of Gozag.
  2466 | D:3      | Noticed emiel's ghost (weakling DrWn)
  2501 | D:3      | Learned a level 3 spell: Confuse
  2609 | D:3      | Killed emiel's ghost
  2630 | D:3      | Became a worshipper of Nemelex Xobeh the Trickster
  2696 | D:3      | Received a gift from Nemelex Xobeh
  2891 | D:3      | Reached skill level 5 in Stealth
  3011 | D:3      | Noticed Natasha
  3013 | D:3      | Killed Natasha
  3058 | D:3      | Noticed Natasha
  3059 | D:3      | Killed Natasha
  3059 | D:3      | Reached XP level 6. HP: 26/28 MP: 11/11
  3168 | D:4      | Found a staircase to the Ecumenical Temple.
  3242 | D:4      | Noticed concernedbohemian's ghost (amateur TrAK)
  3392 | D:4      | Killed concernedbohemian's ghost
  3392 | D:4      | Reached skill level 5 in Short Blades
  3392 | D:4      | Reached skill level 6 in Stealth
  3560 | D:4      | Reached XP level 7. HP: 28/32 MP: 12/12
  3576 | D:4      | Received a gift from Nemelex Xobeh
  3622 | D:4      | Reached * piety under Nemelex Xobeh
  3744 | D:4      | Found an ancient bone altar of Kikubaaqudgha.
  3993 | D:4      | Received a gift from Nemelex Xobeh
  4144 | D:5      | Entered Level 5 of the Dungeon
  4246 | D:5      | Reached skill level 7 in Stealth
  4397 | D:5      | Found a white marble altar of Elyvilon.
  4512 | D:5      | Reached ** piety under Nemelex Xobeh
  5037 | D:5      | Found a shattered altar of Ashenzari.
  5256 | D:6      | Found a sacrificial altar of Ru.
  5363 | D:6      | Reached skill level 8 in Stealth
  5363 | D:6      | Reached XP level 8. HP: 24/36 MP: 2/16
  5471 | D:6      | Reached skill level 5 in Spellcasting
  5715 | D:6      | Received a gift from Nemelex Xobeh
  5846 | D:6      | Found a glowing golden altar of the Shining One.
  5850 | D:6      | Reached skill level 9 in Stealth
  6155 | D:7      | Noticed Menkaure
  6161 | D:7      | Killed Menkaure
  6161 | D:7      | Reached skill level 10 in Stealth
  6212 | D:7      | Received a gift from Nemelex Xobeh
  6365 | D:7      | Reached XP level 9. HP: 35/39 MP: 4/19
  6422 | D:7      | Found a shimmering altar of Xom.
  6564 | D:7      | Reached *** piety under Nemelex Xobeh
  6747 | D:7      | Found a blossoming altar of Fedhas.
  7083 | D:8      | Received a gift from Nemelex Xobeh
  7441 | D:8      | Reached skill level 10 in Short Blades
  7771 | D:8      | Found Fusugg's General Store.
  7882 | D:8      | Reached skill level 1 in Fighting
  8184 | D:8      | Reached **** piety under Nemelex Xobeh
  8267 | D:8      | Reached skill level 5 in Dodging
  8267 | D:8      | Reached skill level 11 in Stealth
  8316 | D:8      | Received a gift from Nemelex Xobeh
  8877 | D:9      | Noticed Pikel
  8965 | D:8      | Killed Pikel
  8965 | D:8      | Reached XP level 10. HP: 32/49 MP: 15/20
  9113 | D:9      | Reached skill level 12 in Stealth
  9445 | D:9      | Noticed Maurice
  9663 | D:9      | Killed Maurice
  9788 | D:9      | Reached skill level 1 in Evocations
  9791 | D:9      | Reached skill level 5 in Fighting
 10210 | D:9      | Received a gift from Nemelex Xobeh
 11045 | D:10     | Entered Level 10 of the Dungeon
 11152 | D:10     | Noticed a hill giant
 11157 | D:10     | Killed a hill giant
 11464 | D:10     | Reached skill level 5 in Evocations
 11483 | D:10     | Noticed 4thArraOfDagon's ghost (novice TeFE)
 11489 | D:10     | Noticed a hill giant
 11491 | D:10     | Killed 4thArraOfDagon's ghost
 11508 | D:10     | Reached XP level 11. HP: 51/56 MP: 17/21
 11523 | D:10     | Killed a hill giant
 11523 | D:10     | Reached skill level 13 in Stealth
 11747 | D:11     | Received a gift from Nemelex Xobeh
 12199 | D:11     | Found a staircase to the Orcish Mines.
 12904 | D:11     | Found a staircase to the Lair.
 13245 | D:11     | Noticed a hill giant
 13274 | D:11     | Killed a hill giant
 14112 | Lair:1   | Entered Level 1 of the Lair of Beasts
 14112 | Lair:1   | Reached ***** piety under Nemelex Xobeh
 14224 | Lair:1   | Reached skill level 14 in Stealth
 14228 | Lair:1   | Received a gift from Nemelex Xobeh
 14274 | Lair:1   | Reached skill level 10 in Dodging
 14412 | Lair:1   | Got an opalescent robe
 14423 | Lair:1   | Identified the +1 robe of Makhleb's Delight {rElec rC+ Regen+ Slay-5} (You found it on level 1 of the Lair of Beasts)
 14557 | Lair:1   | Reached XP level 12. HP: 64/64 MP: 22/22
 14812 | Lair:1   | Received a gift from Nemelex Xobeh
 15138 | Lair:1   | Received a gift from Nemelex Xobeh
 15630 | Lair:2   | Reached skill level 10 in Evocations
 15672 | Lair:2   | Received a gift from Nemelex Xobeh
 16101 | Lair:3   | Noticed an eight-headed hydra
 16108 | Lair:3   | Killed an eight-headed hydra
 16216 | Lair:3   | Received a gift from Nemelex Xobeh
 16409 | Lair:3   | Reached ****** piety under Nemelex Xobeh
 16482 | Lair:3   | Received a gift from Nemelex Xobeh
 17034 | Lair:4   | Found a staircase to the Shoals.
 17331 | Lair:4   | Received a gift from Nemelex Xobeh
 17371 | Lair:4   | You fall through a shaft!
 17778 | Lair:4   | Received a gift from Nemelex Xobeh
 17874 | Lair:4   | Reached skill level 15 in Stealth
 18077 | Lair:4   | Identified a scroll of acquirement
 18202 | Lair:4   | Received a gift from Nemelex Xobeh
 18292 | Lair:4   | Reached skill level 1 in Shields
 18518 | Shoals:1 | Entered Level 1 of the Shoals
 18801 | Lair:5   | Upgraded the game from 0.17-a0-2215-g49c1de0 to 0.17-a0-2220-g6fea741
 18871 | Lair:5   | Received a gift from Nemelex Xobeh
 18933 | Lair:5   | Reached XP level 13. HP: 70/70 MP: 10/23
 19867 | Lair:5   | Noticed a four-headed hydra
 20061 | Lair:5   | Killed a four-headed hydra
 20456 | Lair:6   | Received a gift from Nemelex Xobeh
 20559 | Lair:6   | Reached skill level 5 in Shields
 20718 | Lair:6   | Found a hole to the Spider Nest.
 20765 | Lair:6   | Received a gift from Nemelex Xobeh
 20839 | Lair:6   | Found a staircase to the Slime Pits.
 21126 | Lair:6   | Received a gift from Nemelex Xobeh
 22573 | Lair:7   | Received a gift from Nemelex Xobeh
 23582 | Lair:8   | Entered Level 8 of the Lair of Beasts
 23582 | Lair:8   | Received a gift from Nemelex Xobeh
 24239 | Lair:8   | Reached XP level 14. HP: 75/75 MP: 13/24
 26345 | Lair:8   | Received a gift from Nemelex Xobeh
 26829 | Lair:8   | Reached skill level 10 in Fighting
 27082 | Orc:1    | Entered Level 1 of the Orcish Mines
 27082 | Orc:1    | Found a bloodstained altar of Trog.
 27208 | Orc:2    | Noticed Erolcha
 27216 | Orc:2    | Killed Erolcha
 27487 | Orc:2    | Received a gift from Nemelex Xobeh
 28070 | Orc:1    | Received a gift from Nemelex Xobeh
 28642 | Orc:3    | Found Soazusch's Gadget Boutique.
 28890 | Orc:4    | Entered Level 4 of the Orcish Mines
 29045 | Orc:4    | Received a gift from Nemelex Xobeh
 29091 | Orc:4    | Found a roughly hewn altar of Beogh.
 29189 | Orc:4    | Found a staircase to the Elven Halls.
 29280 | Orc:4    | Found a roughly hewn altar of Beogh.
 29322 | Orc:4    | Found a roughly hewn altar of Beogh.
 29350 | Orc:4    | Reached skill level 16 in Stealth
 29375 | Orc:4    | Found a roughly hewn altar of Beogh.
 29378 | Orc:4    | Found Yvoekina's Assorted Antiques.
 29553 | Orc:4    | Found a roughly hewn altar of Beogh.
 29893 | Orc:4    | Found a roughly hewn altar of Beogh.
 29938 | Orc:4    | Found Qobriq's Antique Armour Shoppe.
 30037 | Orc:4    | Noticed an orc warlord
 30711 | Orc:4    | Found Roem's Antique Armour Emporium.
 30755 | Orc:4    | Found a roughly hewn altar of Beogh.
 30758 | Orc:4    | Found Odghou's Antique Weapon Shoppe.
 30780 | Orc:4    | Bought a ripped robe for 165 gold pieces
 30780 | Orc:4    | Bought the +2 cloak of the Thief {+Fog Slay-2 SInv Stlth+} for 1597 gold pieces
 30791 | Orc:4    | Identified the cursed +1 robe of the Land of Plenty {rN++ Int-3 Slay+3 Stlth+} (You bought it in a shop on level 4 of the Orcish Mines)
 31207 | Orc:4    | Noticed an emperor scorpion
 31207 | Orc:4    | an orc warlord changed into an emperor scorpion
 31218 | Orc:4    | Killed an emperor scorpion
 31637 | Spider:1 | Entered Level 1 of the Spider Nest
 31637 | Spider:1 | Noticed Kirke
 31644 | Spider:1 | Killed Kirke
 31715 | Spider:1 | Mangled by a jumping spider

Vault maps used:
D:1:      scummos_arrival_checkerplants, kennysheep_another_room,
          roderic_hopi_sauvastika, hex_medium, kennysheep_flooded_box
D:2:      uniq_iyjb, uniq_robin
D:3:      kennysheep_big_flooded_room, grunt_temple_overflow_opulence,
          grunt_temple_overflow_order_and_chaos_2, first_bread, uniq_natasha
D:4:      overflow_temple_1_default, minmay_temple_entry_statues
D:5:      nicolae_overflow_crystal_walls, nicolae_overflow_hidden_temple
D:6:      tso_altar, lemuel_round_altar
D:7:      fedhas_altar_3, lemuel_round_altar, uniq_menkaure
D:8:      special_room, serial_shops, shop_statue, lightli_minifort
D:9:      serial_gnoll_camp, gnoll_camp_huts_basic, gnoll_camp_medium_02,
          gnoll_camp_mini_doghouse, gnoll_camp_mini_loothouse,
          gnoll_camp_mini_hut, gnoll_camp_mini_hut, uniq_pikel, uniq_maurice
D:10:     grunt_tengu_nest
D:11:     minmay_lair_entry_grove, minmay_orc_entry_guard_dogs
Lair:1:   minmay_holes, grunt_megastairs_1
Lair:4:   minmay_shoals_entry_centaurs, nicolae_quartered_pool_super
Lair:5:   minivault_11, serial_bayou_pond_a, kennysheep_basilisk_garden,
          infiniplex_staircase_pool
Lair:6:   spider_nest_entry_funnel_web, nicolae_slime_entry_slimehenge,
          bobbens_ice_dragon_lair, serial_bayou_shore_a, grunt_megastairs_2
Lair:8:   minmay_lair_end_enchanted_forest
Shoals:1: nicolae_shoals_siren_and_animal_friends
Spider:1: cheibrodos_spider_creepycove, portal_ice_cave_entry_imps, uniq_kirke
Orc:1:    basic_altar
Orc:2:    uniq_erolcha
Orc:3:    serial_shops, shop, nicolae_orc_pool_cavern
Orc:4:    grunt_orc_community_town_hall, grunt_orc_community_big_house_2,
          grunt_orc_community_big_house_2, grunt_orc_community_house_3,
          grunt_orc_community_house_3, grunt_orc_community_house_1,
          grunt_orc_community_house_1, grunt_orc_community_house_2,
          grunt_orc_community_house_2

Action                   |  1- 3 |  4- 6 |  7- 9 | 10-12 | 13-15 || total
-------------------------+-------+-------+-------+-------+-------++-------
Melee: Dagger            |    87 |   173 |   419 |   604 |   872 ||  2155
       Rapier            |       |       |       |       |   133 ||   133
 Cast: Ensorcelled Hiber |    12 |    41 |   133 |   362 |   533 ||  1081
       Confuse           |       |    10 |    18 |    15 |     5 ||    48
 Abil: Evoke Invisibilit |       |       |       |       |     1 ||     1
       Evoke Fog         |       |       |       |       |     1 ||     1
Evoke: Deck              |       |       |     2 |    11 |    26 ||    39
  Use: Scroll            |       |       |    15 |    14 |    10 ||    39
 Stab: Sleeping          |    15 |    24 |    78 |   200 |   284 ||   601
       Distracted        |       |     3 |     4 |     6 |     4 ||    17
       Confused          |       |     4 |     9 |     8 |     3 ||    24
       Invisible         |       |       |       |       |    13 ||    13
  Eat: Bread ration      |       |     1 |     1 |     2 |     3 ||     7
       Fruit             |       |       |       |     1 |     2 ||     3
